 Dungeon Crawl Stone Soup version 0.31-a0-846-gb3bcc0d938 (webtiles) character file.

Game seed: 17316222327407175432

8799 CowFu the Carver (level 11, -4/82 HPs)
             Began as a Grey Draconian Fighter on Oct 4, 2023.
             Was a Believer of Hepliaklqana.
             Slain by Urug
             ... wielding a +1 battleaxe of freezing
              (16 damage)
             ... on level 10 of the Dungeon.
             The game lasted 00:16:21 (10339 turns).

CowFu the Carver (Grey Draconian Fighter)          Turns: 10339, Time: 00:16:22

Health: -4/82      AC: 18    Str: 20    XL:     11   Next: 14%
Magic:  0/11       EV: 14    Int:  8    God:    Hepliaklqana [**....]
Gold:   547        SH:  0    Dex: 14    Spells: 10/10 levels left

rFire   + . .        a - +4 scimitar
rCold   + . .        (no shield)
rNeg    + . .        (body armour unavailable)
rPois   .            (helmet restricted)
rElec   .            l - +2 cloak
rCorr   .            E - +1 pair of gloves {infuse}
SInv    .            k - +0 pair of boots
Will    +....        u - amulet of guardian spirit
Stlth   +            x - ring of protection from cold
HPRegen 0.33/turn    F - ring of the Genius {rF+ rN+ Will+}
MPRegen 0.12/turn

%: guardian spirit
@: mighty
A: reduced essence, AC +12, amphibious, unfitting armour, cold-blooded
a: Renounce Religion, Recall Ancestor, Ancestor Identity


You were on level 10 of the Dungeon.
You worshipped Hepliaklqana.
Hepliaklqana was pleased with you.
You visited 2 branches of the dungeon, and saw 11 of its levels.
You also visited: Bailey.

You collected 747 gold pieces.
You spent 200 gold pieces at shops.

Inventory:

Hand Weapons
 a - a +4 scimitar (weapon)
 b - the +8 longbow "Zephyr" {speed, Dex+3 SInv}
   (You took it off a gnoll sergeant in a bailey)

   Dex+3:     It affects your dexterity (+3).
   SInv:      It lets you see invisible.
 w - the +6 sling "Hulag" {drain, rElec}
   (You found it on level 2 of the Dungeon)

   rElec:     It insulates you from electricity.
 G - a +1 vampiric dagger
 H - the +2 dagger "Pohoqibb" {spect, *Noise rC+ Str+4}
   (You found it on level 8 of the Dungeon)

   Str+4:     It affects your strength (+4).
   rC+:       It protects you from cold.
   *Noise:    It may make a loud noise when swung.
Missiles
 j - 5 throwing nets
Armour
 k - a +0 pair of boots (worn)
 l - a +2 cloak (worn)
 p - a +0 buckler
 E - a +1 pair of gloves of infusion (worn)
Jewellery
 g - an amulet of the acrobat
 u - an amulet of guardian spirit (around neck)
 x - a ring of protection from cold (left hand)
 y - a ring of flight
 F - the ring of the Genius (right hand) {rF+ rN+ Will+}
   (You took it off a gnoll bouda in a bailey)

   [ring of positive energy]

   rF+:       It protects you from fire.
   rN+:       It protects you from negative energy.
   Will+:     It increases your willpower.
Wands
 v - a wand of paralysis (6)
 z - a wand of iceblast (26)
Scrolls
 f - a scroll of amnesia
 h - 4 scrolls of teleportation
 i - 2 scrolls of identify
 n - a scroll of revelation
 q - 3 scrolls of vulnerability
 r - a scroll of immolation
 B - a scroll of enchant weapon
 D - a scroll of enchant armour {unknown}
 I - a scroll of acquirement
Potions
 d - 2 potions of brilliance
 e - 2 potions of attraction
 m - 2 potions of curing
 s - 2 potions of heal wounds
 t - a potion of resistance
 A - a potion of lignification
 C - a potion of enlightenment


   Skills:
 + Level 7.4 Fighting
 - Level 14.0 Long Blades
 + Level 6.1 Dodging
 - Level 3.0 Shields
 + Level 5.8 Evocations


You had 10 spell levels left.
You didn't know any spells.
Your spell library contained the following spells:

 Spells                   Type           Power      Damage    Failure   Level
 Sublimation of Blood     Necr           0%         N/A       54%         2
 Call Canine Familiar     Summ           0%         N/A       78%         3
 Gell's Gravitas          Tloc           0%         N/A       78%         3
 Ignite Poison            Fire/Tmut/Pois 0%         N/A       78%         3
 Sigil of Binding         Hex            0%         N/A       78%         3
 Teleport Other           Tloc           0%         N/A       78%         3
 Dimensional Bullseye     Hex/Tloc       0%         N/A       99%         4
 Leda's Liquefaction      Hex/Erth       0%         N/A       99%         4
 Olgreb's Toxic Radiance  Pois           0%         N/A       99%         4
 Petrify                  Tmut/Erth      0%         N/A       99%         4
 Sticky Flame             Conj/Fire      0%         2d3       99%         4
 Irradiate                Conj/Tmut      0%         3d11      100%        5
 Dispersal                Tloc           0%         N/A       100%        6
 Discord                  Hex            0%         N/A       100%        8
 Ignition                 Fire           0%         3d3       100%        8


Dungeon Overview and Level Annotations

Branches:
Dungeon (10/15)            Temple (1/1) D:7          Bailey (visited)
   Lair: D:8-11         Orc: D:9-12

Altars:
Ashenzari
Cheibriados
Dithmenos
Elyvilon
Fedhas
Gozag
Hepliaklqana
Kikubaaqudgha
Makhleb
Nemelex Xobeh
Okawaru
Qazlal
Ru
Sif Muna
Trog
Uskayaw
Vehumet
Wu Jian
Xom
Yredelemnul
Zin
The Shining One

Shops:
D:2 [   D:4 ((?::(   D:5 *   D:6 ?

Annotations:
D:3 3 runed translucent doors, Barthur98's ghost, weakling GnSh; DocEon's ghost, amateur DECj; hattop's ghost, amateur GnSh; hgbash's ghost, amateur DsNe; jakobj's ghost, amateur FoWr
D:10 Urug


Innate Abilities, Weirdness & Mutations

Your life essence is reduced to manifest your ancestor. (-10% HP)
Your dull iron-grey scales are very hard. (AC +12)
You are amphibious.
You cannot fit into any form of body armour.
You are cold-blooded and may be slowed by cold attacks.


Message History

You hit Urug but do no damage.
Urug is lightly wounded.
Urug hits you but does no damage.
Merenptah blocks Urug's attack.
You hit Urug but do no damage. You tail-slap Urug, but do no damage.
Urug is lightly wounded.
Merenptah hits Urug but does no damage.
Urug hits you with a +1 battleaxe of freezing.
Urug hits Merenptah with a +1 battleaxe of freezing!
Urug freezes Merenptah.
You completely miss Urug. You tail-slap Urug, but do no damage.
Urug is lightly wounded.
You hit Urug.
Your tail-slap misses Urug.
Urug is lightly wounded.
Merenptah hits Urug with a +0 flail!
Urug hits you with a +1 battleaxe of freezing!!
Urug freezes you.
Urug hits Merenptah with a +1 battleaxe of freezing.
Urug freezes Merenptah.
You feel very mighty all of a sudden.
Urug hits you with a +1 battleaxe of freezing!!
Urug freezes you.
Urug hits Merenptah with a +1 battleaxe of freezing!
Urug freezes Merenptah.
Merenptah is destroyed!
You hit Urug but do no damage. You tail-slap Urug, but do no damage.
Urug is moderately wounded.
Urug closely misses you.
You closely miss Urug.
Your tail-slap misses Urug.
Urug is moderately wounded.
You barely miss Urug.
Urug is moderately wounded.
Urug hits you with a +1 battleaxe of freezing!!
* * * LOW HITPOINT WARNING * * *
Urug freezes you.
* * * LOW HITPOINT WARNING * * *
As you read the scroll of fear, it crumbles to dust.
You assume a fearsome visage.
Urug resists with some effort.
Urug hits you with a +1 battleaxe of freezing!
You die...
Urug says, "One more harpy dead."

############
...........#
...........#
...........#
...........#
...[..o....#
.......@...#
#######'####
#.# ###.#
#...# #+###
#.### ....#
###'###
....#
#.....#
....#
#.....#


You could see Urug.

Vanquished Creatures
  A two-headed ogre (D:9)
  Amaemon (D:7)
  An orange demon (D:8)
  Maggie (D:9)
  2 hornets
  Prince Ribbit (D:6)
  A wyvern (D:9)
  Grum (Bailey)
  6 yaks (D:9)
  3 steam dragons
  2 ice beasts
  2 orc warriors
  6 wolves (Bailey)
  3 centaurs
  3 kobold brigands
  9 gnoll sergeants
  3 bullfrogs
  4 scorpions
  17 wights
  3 killer bees (D:7)
  5 howler monkeys
  8 hounds
  7 gnoll boudas
  4 orc priests
  3 jellies
  5 iguanas
  5 orc wizards
  16 gnolls
  9 adders
  A white imp (D:6)
  2 ufetubi (D:6)
  3 worms (D:2)
  6 dart slugs
  34 orcs
  6 ball pythons
  12 endoplasms
  2 giant cockroaches
  7 goblins
  5 hobgoblins
  5 quokkas
  5 bats
  7 frilled lizards
  17 kobolds
  7 rats
251 creatures vanquished.

Vanquished Creatures (collateral kills)
  A yak (D:9)
  A wight (D:9)
  An orc (D:9)
3 creatures vanquished.

Vanquished Creatures (others)
  A knight (D:10)
1 creature vanquished.

Grand Total: 255 creatures vanquished

Notes
Turn   | Place    | Note
-------+----------+-------------------------------------------
     0 | D:1      | CowFu the Draconian Fighter began the quest for the Orb.
     0 | D:1      | Reached XP level 1. HP: 19/19 MP: 1/1
   259 | D:1      | Reached XP level 2. HP: 26/26 MP: 2/2
   300 | D:1      | Reached skill level 3 in Long Blades
   621 | D:2      | Found Jecoabufot's Antique Armour Boutique.
   800 | D:2      | Reached XP level 3. HP: 31/31 MP: 3/3
   984 | D:2      | Reached skill level 4 in Long Blades
  1097 | D:2      | Identified the +0 leather armour of Protective Custody
                  | {-Tele Contam rN+++ SInv}
  1186 | D:2      | Identified the +6 sling "Hulag" {drain, rElec}
  1568 | D:3      | Reached XP level 4. HP: 38/38 MP: 4/4
  1609 | D:3      | Found a runed translucent gate.
  1609 | D:3      | Found a runed translucent gate.
  1610 | D:3      | Found a runed translucent gate.
  1611 | D:3      | Noticed DocEon's ghost (amateur DECj)
  1611 | D:3      | Noticed Barthur98's ghost (weakling GnSh)
  1612 | D:3      | Noticed jakobj's ghost (amateur FoWr)
  1612 | D:3      | Noticed hattop's ghost (amateur GnSh)
  1613 | D:3      | Noticed hgbash's ghost (amateur DsNe)
  1794 | D:3      | Reached skill level 5 in Long Blades
  1794 | D:3      | Reached XP level 5. HP: 45/45 MP: 5/5
  2120 | D:4      | Found Xagahe's Weapon Emporium.
  2120 | D:4      | Found Ewita's Book Emporium.
  2120 | D:4      | Found Baotom's Book Emporium.
  2173 | D:4      | Found Ymyask's Weapon Boutique.
  2304 | D:4      | Reached skill level 6 in Long Blades
  2339 | D:4      | Found Fybiwar's Antique Weapon Boutique.
  2384 | D:4      | Found Fuuhanam's Magic Scroll Boutique.
  2396 | D:4      | Bought a scroll of teleportation for 30 gold pieces
  2396 | D:4      | Bought a scroll of revelation for 75 gold pieces
  2396 | D:4      | Bought a scroll of identify for 20 gold pieces
  2496 | D:4      | Reached XP level 6. HP: 51/51 MP: 6/6
  2560 | D:4      | Reached skill level 7 in Long Blades
  2996 | D:5      | Entered Level 5 of the Dungeon
  3121 | D:5      | Noticed an ice beast
  3125 | D:5      | Killed an ice beast
  3126 | D:5      | Your scales start taking on a dull iron-grey colour.
  3126 | D:5      | Reached XP level 7. HP: 57/57 MP: 7/7
  3134 | D:5      | Found Guazepn's Neck Hole.
  3306 | D:5      | Reached skill level 8 in Long Blades
  3954 | D:6      | Found Raggiv's Magic Scroll Shoppe.
  3978 | D:6      | Bought a scroll of enchant weapon for 75 gold pieces
  4150 | D:6      | Reached skill level 9 in Long Blades
  4183 | D:6      | Noticed Prince Ribbit
  4210 | D:6      | Killed Prince Ribbit
  4211 | D:6      | Reached XP level 8. HP: 25/63 MP: 8/8
  4365 | D:6      | Reached skill level 10 in Long Blades
  4888 | D:6      | Found a basalt altar of Yredelemnul.
  5018 | D:6      | Reached skill level 11 in Long Blades
  5487 | D:7      | Reached XP level 9. HP: 64/69 MP: 9/9
  5538 | D:7      | Reached skill level 12 in Long Blades
  6136 | D:7      | Reached skill level 13 in Long Blades
  6224 | D:7      | Found a staircase to the Ecumenical Temple.
  6485 | D:7      | Identified a scroll of acquirement
  6485 | D:7      | Acquired a +1 pair of gloves of infusion
  6534 | Temple   | Entered the Ecumenical Temple
  6546 | Temple   | Became a worshipper of Hepliaklqana the Forgotten
  6675 | D:8      | Found a flagged portal.
  6688 | Bailey   | Entered a bailey
  7114 | Bailey   | Noticed Grum
  7119 | Bailey   | Reached skill level 14 in Long Blades
  7308 | Bailey   | Killed Grum
  7309 | Bailey   | Reached skill level 1 in Evocations
  7420 | Bailey   | Reached XP level 10. HP: 68/78 MP: 5/10
  7440 | Bailey   | Identified the ring of the Genius {rF+ rN+ Will+}
  8263 | D:8      | Noticed Amaemon
  8265 | D:8      | Noticed an orange demon
  8269 | D:8      | Identified the +2 dagger "Pohoqibb" {spect, *Noise rC+
                  | Str+4}
  8297 | D:7      | Reached skill level 5 in Fighting
  8298 | D:7      | Killed Amaemon
  8502 | D:8      | Killed an orange demon
  8869 | D:9      | Noticed Maggie
  8881 | D:9      | Killed Maggie
  8882 | D:9      | Reached skill level 5 in Dodging
  8938 | D:9      | Noticed a two-headed ogre
  8946 | D:9      | Killed a two-headed ogre
  9042 | D:9      | Reached * piety under Hepliaklqana
  9078 | D:9      | Reached skill level 5 in Evocations
  9559 | D:9      | Reached XP level 11. HP: 79/82 MP: 6/11
 10278 | D:10     | Entered Level 10 of the Dungeon
 10284 | D:10     | Reached ** piety under Hepliaklqana
 10285 | D:10     | Remembered your ancestor Merenptah as a knight
 10327 | D:10     | Noticed Urug
 10339 | D:10     | Slain by Urug

Illustrated notes

Levels and vault maps discovered:
D:1:      shiori_arrival_elements, layout_loops_ring
D:2:      kennysheep_six_static_rooms, layout_basic, serial_shops, shop,
          minmay_hedge_maze, minmay_misc_feat_diagonals,
          minmay_misc_feat_pillars, dreamdust_princess_bridge, bh_walls_and_bars
D:3:      layout_loops_ring, gammafunk_ghost_cemetery,
          wander_ebering_terrifying_dragon_lair
D:4:      layout_basic, serial_shops, shop, nicolae_shop_crystal,
          nicolae_shop_tiny_statue_garden, nicolae_shop_distant_corner_stores,
          st_stairs_2
D:5:      layout_cave_pods, kennysheep_nondescript,
          nicolae_shop_sticking_my_neck_out
D:6:      layout_basic, lemuel_crystal_altar, serial_shops,
          nicolae_shop_peninsula, uniq_prince_ribbit1
D:7:      layout_gridville, temple_pool_b
D:8:      layout_basic, enter_bailey_2, uniq_amaemon
D:9:      layout_stronghold, uniq_maggie
D:10:     layout_roguey, orc_0_dummy, serial_shops, shop,
          nicolae_neqoxec_dot_bat, uniq_urug
Temple:   nicolae_temple_bog_church

Skill      XL: |  1  2  3  4  5  6  7  8  9 10 11 |
---------------+----------------------------------+-----
Long Blades    | 3 4 5 6 7 9 11 14 | 14.0
Evocations     | 1 5 |  5.8
Dodging        | 3 5 6 |  6.1
Fighting       | 7 |  7.4
Shields        | |  3.0

Action                     |  1- 3 |  4- 6 |  7- 9 | 10-12 || total
---------------------------+-------+-------+-------+-------++-------
  Melee: Long sword        |   113 |       |   225 |       ||   338
         Tailslap          |    15 |       |    67 |    48 ||   130
         Scimitar          |       |       |   239 |   211 ||   450
         Punch             |       |       |       |     4 ||     4
   Fire: Sling             |     7 |   125 |    12 |       ||   144
         Longbow           |       |       |       |    25 ||    25
 Invoke: Ancestor Life: Kn |       |       |       |     1 ||     1
    Use: Scroll            |       |       |    13 |     4 ||    17
         Potion            |       |       |     1 |     2 ||     3
   Stab: Sleeping          |     3 |       |     2 |       ||     5
         Distracted        |       |       |       |     2 ||     2
 Armour: Skin              |    34 |    29 |   282 |   174 ||   519
  Dodge: Dodged            |    73 |    26 |   351 |   169 ||   619
  Block: Buckler           |    24 |    15 |   127 |    36 ||   202

Table legend: (Time is in decaauts)
 A = Elapsed time spent in this place.
 B = Non-inter-level travel time spent in this place.
 C = Inter-level travel time spent in this place.
 D = Time resting spent in this place.
 E = Time spent auto-exploring this place.
 F = Levels seen in this place.
 G = Mean time per level.
                   A        B        C        D        E       F      G
               +--------+--------+--------+--------+--------+-----+--------+
         Total |  10312 |   9949 |    363 |      3 |   7971 |  12 |  859.3 |
       Dungeon |   9041 |   8685 |    356 |      3 |   7066 |  10 |  904.1 |
        Temple |     20 |     13 |      7 |      0 |      0 |   1 |   20.0 |
        Bailey |   1249 |   1249 |      0 |      0 |    905 |   1 | 1249.0 |
               +--------+--------+--------+--------+--------+-----+--------+

Top non-repeatable levels by time:
     D:7: 1496 daAuts
     D:9: 1378 daAuts
  Bailey: 1249 daAuts
     D:6: 1161 daAuts
     D:5: 1072 daAuts
     D:2: 949 daAuts
     D:4: 866 daAuts
     D:8: 788 daAuts
     D:3: 639 daAuts
     D:1: 629 daAuts
    D:10: 58 daAuts
  Temple: 20 daAuts
